 Dungeon Sprint DCSS version 0.28.0-43-g3370ac3207 (webtiles) character file.

Game seed: 2754910252564374711

2316 boopmooplesden the Impaler (level 9, -7/97 HPs)
             Began as a Minotaur Berserker on Mar 4, 2022.
             Was a High Priest of Trog.
             Mangled by a boulder beetle (11 damage)
             ... in the Dungeon (Sprint II: "The Violet Keep of Menkaure").
             The game lasted 00:04:25 (1434 turns).

boopmooplesden the Impaler (Minotaur Berserker)     Turns: 1434, Time: 00:04:26

Health: -7/97      AC: 22    Str: 26    XL:     9   Next: 18%
Magic:  0/0        EV: 11    Int:  4    God:    Trog [*****.]
Gold:   296        SH:  0    Dex: 10    Spells: 8/8 levels left

rFire   . . .      SeeInvis .   a - +1 spear (protect)
rCold   + . .      Faith    .   (no shield)
rNeg    + + +      Spirit   .   e - +1 chain mail of Ellirph {rC+ rN+++ MP-9}
rPois   .          Reflect  .   (helmet restricted)
rElec   .          Harm     .   (no cloak)
rCorr   .          Rampage  .   (no gloves)
Will    .....      NoTele   +   i - +2 pair of boots {Stlth+}
Stlth   ..........              (no amulet)
HPRegen 0.26/turn               (no ring)
MPRegen 0.07/turn               (no ring)

@: under a protective aura, on berserk cooldown, slowed, very slow
A: horns 2, retaliatory headbutt
a: Renounce Religion, Berserk, Trog's Hand, Brothers in Arms


You were in the Dungeon.
You worshipped Trog.
Trog was extremely pleased with you.
You visited 1 branch You collected 951 gold pieces.
You spent 655 gold pieces at shops.

Inventory:

Hand Weapons
 a - a +1 spear of protection (weapon)
Armour
 b - a +0 animal skin
 e - the +1 chain mail of Ellirph (worn) {rC+ rN+++ MP-9}
   (You bought it in a shop in the Dungeon)

   rC:        It protects you from cold.
   rN:        It renders you almost immune to negative energy.
   MP:        It affects your magic capacity (-9).
 i - a +2 pair of boots of stealth (worn)
Jewellery
 l - a ring of willpower
 s - an amulet of regeneration
Scrolls
 h - a scroll of blinking
 m - a scroll of holy word
Potions
 c - 3 potions of curing
 f - 5 potions of magic
 g - 3 potions of berserk rage
 j - 3 potions of lignification
 o - 5 potions of resistance
 p - a potion of degeneration {unknown}
 q - 2 potions of mutation
 r - a potion of invisibility {unknown}
 v - 2 potions of flight


   Skills:
 + Level 15.4 Fighting
 + Level 16.1 Polearms
 + Level 9.2 Armour
 + Level 7.6 Dodging
 + Level 0.6 Stealth


You had 8 spell levels left.
You didn't know any spells.
Your spell library was empty.

Dungeon Overview and Level Annotations

Branches:
Dungeon (1/1)

Altars:
Cheibriados
Dithmenos
Elyvilon
Fedhas
Gozag
Hepliaklqana
Kikubaaqudgha
Makhleb
Nemelex Xobeh
Okawaru
Qazlal
Ru
Sif Muna
Trog
Uskayaw
Vehumet
Wu Jian
Xom
Yredelemnul
Zin
The Shining One
Beogh
Jiyva
Lugonu

Shops:
D ??:!*(=[=:([![(

Annotations:
D exclusion: oklob plant, Roxanne


Innate Abilities, Weirdness & Mutations

You have a pair of horns on your head.
You reflexively headbutt those who attack you in melee.


Message History

The boulder beetle is severely wounded.
You feel much better. The boulder beetle bites you.
* * * LOW HITPOINT WARNING * * *
The boulder beetle bites you but does no damage.
Okay, then.
You hit the boulder beetle but do no damage.
You headbutt the boulder beetle, but do no damage.
The boulder beetle is severely wounded.
The boulder beetle misses you.
You hit the boulder beetle but do no damage.
You punch the boulder beetle, but do no damage.
The boulder beetle is severely wounded.
You puncture the boulder beetle!
You headbutt the boulder beetle, but do no damage.
The boulder beetle is almost dead.
The boulder beetle bites you!
* * * LOW HITPOINT WARNING * * *
You puncture the boulder beetle!
The boulder beetle is almost dead.
The boulder beetle bites you!
* * * LOW HITPOINT WARNING * * *
You barely miss the boulder beetle.
The boulder beetle is almost dead.
The boulder beetle leaps!
The boulder beetle leaps!
There is an open door, spattered with blood here.
There's a creature in the doorway!
You hit the boulder beetle but do no damage.
The boulder beetle is almost dead.
You hit the boulder beetle but do no damage.
The boulder beetle is almost dead.
The boulder beetle barely misses you.
You hit the boulder beetle but do no damage.
The boulder beetle is almost dead.
The boulder beetle bites you but does no damage.
You hit the boulder beetle.
Your headbutt misses the boulder beetle.
The boulder beetle is almost dead.
The boulder beetle bites you!
You die...

######≈≈≈... #|}▓
.....#≈≈≈≈.##+## #=°▓
⌠....#≈≈≈≈##...##.### +.##.#○)▓
.∩...#≈≈≈≈#..#).# ...# .^.####▓
..∩..#≈≈####...####..## #..##.#▓
.∩.∩.#≈##.###'###B##..# +^^#..#▓
..∩.∩#≈#.####.##..$#..# #..#).#▓
...∩.'≈'##.'.<.B###+..####..##.#▓
....∩#≈#...##.##@..#....###^..##▓
▓▓▓###≈##.###'###.##......≈≈≈≈≈≈≈
######≈≈####.#.####≈≈.....≈#+####
#Y[ ##≈≈≈#..#..#≈≈≈≈≈≈≈..≈#_._..
+.$# #'#≈##...##≈≈§§≈≈≈≈.≈#._._.
#(##. #.#≈≈##+##≈≈≈§≈≈≈≈§≈≈#_._._
###.. ####≈≈≈≈≈≈≈§≈§§§§≈≈≈≈#._._.
#+++#+++#≈≈§§≈≈≈§§#_._._ ≈.≈§.
##≈§≈###§≈#._._.


You could see a boulder beetle.

Vanquished Creatures
  A merfolk siren (D)
  A yaktaur (D)
  3 polar bears (D)
  A hornet (D)
  4 water moccasins (D)
  Menkaure (D)
  4 necrophages (D)
  A scorpion (D)
  3 worms (D)
19 creatures vanquished.

Vanquished Creatures (others)
  12 tentacles (D)
12 creatures vanquished.

Grand Total: 31 creatures vanquished

Notes
Turn   | Place    | Note
-------+----------+-------------------------------------------
     0 | D        | boopmooplesden the Minotaur Berserker began the quest for
                  | the Orb.
     0 | D        | Reached XP level 1. HP: 19/19 MP: 0/0
     1 | D        | Noticed a merfolk siren
    20 | D        | Killed a merfolk siren
    21 | D        | Reached skill level 10 in Fighting
    21 | D        | Reached skill level 11 in Polearms
    21 | D        | Reached skill level 5 in Armour
    21 | D        | Reached XP level 2. HP: 34/39 MP: 1/1
    21 | D        | Reached XP level 3. HP: 40/46 MP: 2/2
    21 | D        | Reached XP level 4. HP: 46/52 MP: 3/3
    21 | D        | Reached XP level 5. HP: 52/59 MP: 4/4
    21 | D        | Reached XP level 6. HP: 59/67 MP: 5/5
    27 | D        | Noticed a boulder beetle
    27 | D        | Noticed a boulder beetle
    44 | D        | Reached ** piety under Trog
    45 | D        | Reached skill level 5 in Dodging
    51 | D        | Reached skill level 12 in Polearms
    55 | D        | Reached XP level 7. HP: 75/75 MP: 6/6
    59 | D        | Reached skill level 13 in Polearms
    61 | D        | Noticed Roxanne
   100 | D        | Reached *** piety under Trog
   109 | D        | Found Ytuyps's Antique Armour Boutique.
   109 | D        | Found Vuetoc's Antique Armour Shop.
   109 | D        | Found Nesarr's Jewellery Boutique.
   109 | D        | Found Mooduliv's Book Boutique.
   109 | D        | Found Timuanor's Antique Armour Shop.
   110 | D        | Found Qud Timn's Weapon Shop.
   110 | D        | Found Gemoe's Antique Weapon Shop.
   117 | D        | Found Fisohelo's Distillery.
   117 | D        | Found Lage's Jewellery Shop.
   117 | D        | Found Sirotulo's Weapon Boutique.
   117 | D        | Noticed Menkaure
   117 | D        | Noticed a yak
   117 | D        | Noticed a yak
   135 | D        | Killed Menkaure
   135 | D        | Reached **** piety under Trog
   146 | D        | Found Suifieh's General Store.
   146 | D        | Found Luphayc's Distillery.
   146 | D        | Noticed an oklob plant
   147 | D        | Found Usaoherph's Magic Scroll Shop.
   147 | D        | Found Bejutsar's Magic Scroll Boutique.
   147 | D        | Found Hesaz's Book Shoppe.
   147 | D        | Noticed an iron elemental
   147 | D        | Noticed a yak
   190 | D        | Noticed a death yak
   348 | D        | Bought a turquoise-encrusted chain mail for 180 gold pieces
   348 | D        | Identified the +1 chain mail of Ellirph {rC+ rN+++ MP-9}
                  | (You bought it in a shop in the Dungeon)
   360 | D        | Bought a pair of embroidered boots for 195 gold pieces
   379 | D        | Bought a scroll of brand weapon for 280 gold pieces
   421 | D        | Found an iron altar of Okawaru.
   421 | D        | Found a radiant altar of Vehumet.
   421 | D        | Found a glowing silver altar of Zin.
   422 | D        | Found a sparkling altar of Nemelex Xobeh.
   422 | D        | Found a hide-covered altar of Uskayaw.
   422 | D        | Found a basalt altar of Yredelemnul.
   423 | D        | Found an opulent altar of Gozag.
   423 | D        | Found a burning altar of Makhleb.
   423 | D        | Found a bloodstained altar of Trog.
   424 | D        | Found a blossoming altar of Fedhas.
   424 | D        | Found a corrupted altar of Lugonu.
   424 | D        | Found a shimmering blue altar of Sif Muna.
   425 | D        | Found a white marble altar of Elyvilon.
   425 | D        | Found an ancient bone altar of Kikubaaqudgha.
   426 | D        | Found a shadowy altar of Dithmenos.
   426 | D        | Found a viscous altar of Jiyva.
   427 | D        | Found a snail-covered altar of Cheibriados.
   428 | D        | Noticed a polar bear
   428 | D        | Noticed a polar bear
   429 | D        | Noticed a yaktaur
   430 | D        | Noticed a hornet
   431 | D        | Noticed a polar bear
   434 | D        | Killed a polar bear
   435 | D        | Reached skill level 14 in Polearms
   435 | D        | Reached XP level 8. HP: 86/86 MP: 0/7
   440 | D        | Killed a polar bear
   444 | D        | Killed a yaktaur
   444 | D        | Reached ***** piety under Trog
   445 | D        | Reached skill level 15 in Polearms
   445 | D        | Killed a hornet
   461 | D        | Killed a polar bear
   462 | D        | Reached skill level 15 in Fighting
   462 | D        | Reached XP level 9. HP: 26/97 MP: 0/8
   641 | D        | Noticed a kraken
   683 | D        | Reached skill level 16 in Polearms
   686 | D        | Found a hazy altar of Hepliaklqana.
   686 | D        | Found a sacrificial altar of Ru.
   686 | D        | Found a shimmering altar of Xom.
   687 | D        | Found a stormy altar of Qazlal.
   687 | D        | Found an ornate altar of the Wu Jian Council.
  1249 | D        | Found a glowing golden altar of the Shining One.
  1427 | D        | HP: 2/97 [boulder beetle (12)]
  1434 | D        | Mangled by a boulder beetle

Illustrated notes

Levels and vault maps discovered:
D:        the_violet_keep_of_menkaure [sprint2_stairs_cluster_1,
          sprint2_shoproom, sprint2_temple, sprint2_basic_supplies,
          sprint2_obstacle_6, sprint2_obstacle_7, sprint2_obstacle_1,
          sprint2_obstacle_2, sprint2_obstacle_5, sprint2_timed_cluster_1,
          sprint2_smallroom_cluster_1, sprint2_smallroom_final_cluster_1,
          sprint2_transparent_cluster_1, sprint2_second_timed_cluster_1,
          sprint2_sniper_area_1, sprint2_heavy_combat_area_1,
          sprint2_mutation_trap_area_1, sprint2_forest_area_1,
          sprint2_light_combat_area_1, sprint2_behind_water_1,
          sprint2_near_end_vault_1]

Skill      XL: |  1  2  3  4  5  6  7  8  9 |
---------------+----------------------------+-----
Fighting       | 10 11 13 15 | 15.4
Polearms       | 11 12 14 15 16 | 16.1
Armour         | 5 6 7 8 9 |  9.2
Dodging        | 4 5 6 7 |  7.6
Stealth        | |  0.6

Action                   |  1- 3 |  4- 6 |  7- 9 || total
-------------------------+-------+-------+-------++-------
Melee: Spear             |    16 |    20 |   154 ||   190
       Headbutt          |     1 |     5 |    30 ||    36
       Punch             |       |       |     3 ||     3
Invok: Berserk           |       |     1 |     3 ||     4
  Use: Potion            |     1 |       |     2 ||     3
       Scroll            |       |       |     8 ||     8
Armor: Chain mail        |       |       |    61 ||    61
       Animal skin       |       |       |     1 ||     1
Dodge: Dodged            |     3 |     5 |    56 ||    64
